 Dungeon Crawl Stone Soup version 0.30-a0-779-g7971cf19c3 (webtiles) character file.

Game seed: 6446129965188403398

21462 bande the Cleaver (level 12, -22/83 HPs)
             Began as a Gargoyle Fighter on Feb 18, 2023.
             Was a High Priest of Okawaru.
             Killed from afar by GiantSquids's ghost (27 damage)
             ... with a fireball
             ... on level 2 of the Lair of Beasts.
             The game lasted 00:27:34 (16476 turns).

bande the Cleaver (Gargoyle Fighter)               Turns: 16476, Time: 00:27:34

Health: -22/83     AC: 34    Str: 20    XL:     12   Next: 90%
Magic:  0/17       EV:  6    Int: 10    God:    Okawaru [*****.]
Gold:   703        SH:  7    Dex: 13    Spells: 9/11 levels left

rFire   + . .      SeeInvis .    z - +4 broad axe (flame)
rCold   . . .      Faith    .    c - +1 buckler
rNeg    + . .      Spirit   +    H - +0 plate armour
rPois   ∞          Reflect  .    G - +2 hat
rElec   +          Harm     .    i - +0 cloak
rCorr   .          Rampage  .    N - +1 pair of gloves {infuse}
Will    .....                    r - +0 pair of boots Stlth
                                 D - amulet of guardian spirit
HPRegen 0.33/turn                j - ring of wizardry
MPRegen 0.15/turn                v - ring of protection from fire

@: no status effects
A: sickness immunity, AC +8, negative energy resistance 1, electricity
resistance, torment resistance 1, petrification resistance, iridescent scales 2,
robust 1
a: Renounce Religion, Heroism, Finesse, Duel


You were on level 2 of the Lair of Beasts.
You worshipped Okawaru.
Okawaru was extremely pleased with you.
You visited 3 branches of the dungeon, and saw 14 of its levels.
You also visited: Sewer and Ossuary.

You collected 833 gold pieces.
You spent 130 gold pieces at shops.

Inventory:

Hand Weapons
 a - a +1 war axe of protection
 o - the +8 longbow "Zephyr" {speed, Dex+3 SInv}
   (You found it on level 3 of the Dungeon)

   Dex:       It affects your dexterity (+3).
   SInv:      It lets you see invisible.
 z - a +4 broad axe of flaming (weapon)
Armour
 c - a +1 buckler (worn)
 i - a +0 cloak (worn)
 r - a +0 pair of boots (worn)
 G - a +2 hat (worn)
 H - a +0 plate armour (worn)
 J - the +3 scale mail of Duty {Rampage rCorr Dex+3}
   (You found it on level 10 of the Dungeon)

   Dex:       It affects your dexterity (+3).
   rCorr:     It protects you from acid and corrosion.
   Rampage:   It bestows one free step when moving towards enemies.
 N - a +1 pair of gloves of infusion (worn)
Jewellery
 b - an amulet of faith
 j - a ring of wizardry (left hand)
 m - an amulet of regeneration
 v - a ring of protection from fire (right hand)
 y - a ring of see invisible
 D - an amulet of guardian spirit (around neck)
Wands
 I - a wand of polymorph (5)
 K - a wand of flame (27)
 L - a wand of acid (5)
 M - a wand of iceblast (6)
Scrolls
 e - 10 scrolls of teleportation
 h - 3 scrolls of identify
 k - 7 scrolls of blinking
 n - 4 scrolls of enchant weapon
 p - a scroll of fear
 u - a scroll of enchant armour
 B - a scroll of fog
 C - 4 scrolls of brand weapon
 E - a scroll of magic mapping
 F - 2 scrolls of poison
Potions
 d - 6 potions of might
 f - 13 potions of curing
 g - 7 potions of heal wounds
 l - 5 potions of resistance
 s - 3 potions of brilliance
 t - 6 potions of mutation
 w - 3 potions of invisibility
 x - 3 potions of flight
 O - a potion of ambrosia


   Skills:
 + Level 9.0 Fighting
 + Level 12.4 Axes
 + Level 9.1 Armour
 - Level 0.2 Stealth
 + Level 7.9 Shields
 + Level 0.4 Unarmed Combat
 * Level 4.3 Translocations
 * Level 7.9 Invocations
 * Level 5.2 Evocations


You had 9 spell levels left.
You knew the following spells:

 Your Spells              Type           Power      Damage    Failure   Level
a - Blink                 Tloc           16%        N/A       61%         2

Your spell library contained the following spells:

 Spells                   Type           Power      Damage    Failure   Level
 Lesser Beckoning         Tloc           16%        N/A       61%         2
 Momentum Strike          Conj/Tloc      8%         3d8       88%         2
 Foxfire                  Conj/Fire      0%         2x1d4     96%         1
 Sandblast                Erth           0%         2d4       96%         1
 Passwall                 Tmut/Erth      0%         N/A       99%         2
 Manifold Assault         Tloc           8%         N/A       99%         4
 Ozocubu's Armour         Ice            0%         N/A       100%        3
 Stone Arrow              Conj/Erth      0%         3d7       100%        3
 Cause Fear               Hex            0%         N/A       100%        4
 Dispel Undead            Necr           0%         3d6       100%        4
 Fireball                 Conj/Fire      0%         3d3       100%        5
 Dispersal                Tloc           4%         N/A       100%        6
 Dragon Form              Tmut           0%         N/A       100%        7
 Orb of Destruction       Conj           0%         9d5       100%        7
 Ozocubu's Refrigeration  Ice            0%         4d7       100%        7
 Storm Form               Tmut/Air       0%         N/A       100%        7
 Disjunction              Tloc           4%         N/A       100%        8
 Maxwell's Capacitive Co  Air            0%         ∞         100%        8
 Cigotuvi's Dreadful Rot  Necr/Pois/Air  Unusable   N/A       N/A         2
 Animate Dead             Necr           Unusable   N/A       N/A         4
 Summon Lightning Spire   Summ/Air       Unusable   N/A       N/A         4
 Death Channel            Necr           Unusable   N/A       N/A         6
 Haunt                    Necr/Summ      Unusable   N/A       N/A         7
 Infestation              Necr           Unusable   N/A       N/A         8
 Dragon's Call            Summ           Unusable   N/A       N/A         9

Dungeon Overview and Level Annotations

Branches:
Dungeon (11/15)            Temple (1/1) D:5            Lair (2/5) D:11
 Spider (0/4) Lair:2        Sewer (visited)         Ossuary (visited)
  Swamp: Lair:2-3    Shoals: Lair:2-3       Orc: D:9-12

Altars:
Cheibriados
Elyvilon
Gozag
Hepliaklqana
Kikubaaqudgha
Makhleb
Nemelex Xobeh
Okawaru
Qazlal
Ru
Sif Muna
Vehumet
Wu Jian
Zin
The Shining One

Shops:
D:1 =   D:8 !

Annotations:
D:8 3 runed translucent doors, sircluck's ghost, novice MiFi
Lair:2 GiantSquids's ghost, adept GrFE


Innate Abilities, Weirdness & Mutations

You are immune to sickness and miasma.
Your stone body is resilient. (AC +8)
You are immune to poison.
You resist negative energy. (rN+)
You are resistant to electric shocks. (rElec)
You are resistant to unholy torment.
You are immune to petrification.
You are mostly covered in iridescent scales. (AC +4)
You are robust. (+10% HP)


Message History

You closely miss GiantSquids's ghost.
GiantSquids's ghost is lightly damaged.
You block GiantSquids's ghost's attack.
You barely miss GiantSquids's ghost.
GiantSquids's ghost is lightly damaged.
GiantSquids's ghost points at you and mumbles some strange words.
The fireball explodes!
The fireball engulfs you!! You resist.
The fireball engulfs GiantSquids's ghost.
GiantSquids's ghost resists.
You slash GiantSquids's ghost! You burn GiantSquids's ghost.
GiantSquids's ghost is moderately damaged.
GiantSquids's ghost hits you but does no damage.
You hit GiantSquids's ghost but do no damage.
GiantSquids's ghost is moderately damaged.
GiantSquids's ghost casts a spell at you.
The fireball explodes!
The fireball engulfs you!! You resist.
The fireball engulfs GiantSquids's ghost.
GiantSquids's ghost resists.
You barely miss GiantSquids's ghost.
GiantSquids's ghost is moderately damaged.
GiantSquids's ghost hits you but does no damage.
You barely miss GiantSquids's ghost.
GiantSquids's ghost is moderately damaged.
GiantSquids's ghost casts a spell at you.
The fireball explodes!
The fireball engulfs you!! You resist.
* * * LOW HITPOINT WARNING * * *
The fireball engulfs GiantSquids's ghost!
GiantSquids's ghost resists.
You hit GiantSquids's ghost but do no damage.
GiantSquids's ghost is moderately damaged.
GiantSquids's ghost casts a spell at you.
The fireball explodes!
The fireball engulfs you! You resist.
* * * LOW HITPOINT WARNING * * *
The fireball engulfs GiantSquids's ghost.
GiantSquids's ghost resists.
You slice GiantSquids's ghost!!
GiantSquids's ghost is heavily damaged.
GiantSquids's ghost points at you and mumbles some strange words.
The fireball explodes!
The fireball engulfs you!! You resist.
You die...

### ##......#.####.........
#.#############.#.......)......
##...##.#####..................
#..#.#.....######..##.÷.÷.....
##.......### #######.......
#.#.......##§§§# #.......
##...#.#..##§k§# ##......
##..##..####W## ###....
#...###.....@.## ###...
#...##.#..#....# #....#
#...#####....#.## #P..## #..##
##P####.# ###.## #..# ### ###
#P..### ##.# #P..#.. #..#
#P...#. ##.### #...##. ##...#
###.#####


You could see a rime drake and GiantSquids's ghost.

Vanquished Creatures
  A hydra (Lair:2)
  An ogre mage (D:11)
  3 two-headed ogres
  A harpy (D:11)
  A gargoyle (D:11)
  5 cane toads
  Psyche (D:11)
  An unseen horror (D:11)
  2 kobold demonologists (D:11)
  4 trolls
  A hornet (D:10)
  4 blink frogs (Lair:1)
  Sigmund (D:5)
  A jumping spider (Lair:2)
  3 shadows
  16 yaks
  A culicivora (Lair:2)
  A wraith (D:9)
  A basilisk (Lair:2)
  3 wyverns
  7 wargs
  2 redbacks (Lair:2)
  A steam dragon (D:8)
  A hell hound (D:11)
  2 water moccasins (Lair:1)
  Pargi (Sewer)
  9 orc warriors
  4 ice beasts
  An ogre (D:6)
  3 sky beasts
  2 black bears
  8 wolves
  6 centaurs
  10 kobold brigands
  10 bullfrogs
  A necrophage (D:6)
  4 gnoll sergeants (D:11)
  A wyvern zombie (Ossuary)
  A water moccasin zombie (Ossuary)
  5 wights (D:8)
  16 killer bees
  13 howler monkeys
  2 centaur zombies (Ossuary)
  10 orc priests
  5 bullfrog zombies (Ossuary)
  A hound (D:6)
  3 jellies
  3 gnoll boudas
  Crazy Yiuf (D:5)
  14 mummies
  2 iguanas
  13 orc wizards
  2 killer bee zombies (Ossuary)
  5 howler monkey zombies (Ossuary)
  7 gnolls
  15 adders
  A river rat (D:3)
  2 shadow imps
  2 white imps (D:6)
  An ufetubus (D:4)
  3 worms
  4 dart slugs
  33 orcs
  7 ball pythons
  7 bats
  9 endoplasms
  2 giant cockroaches
  7 goblins
  11 hobgoblins
  4 jackals (D:4)
  25 kobolds
  7 quokkas
  3 frilled lizards
  11 rats
382 creatures vanquished.

Vanquished Creatures (others)
  A kobold (D:11)
  7 fungi
  16 plants
  3 withered plants (Ossuary)
27 creatures vanquished.

Grand Total: 409 creatures vanquished

Notes
Turn   | Place    | Note
-------+----------+-------------------------------------------
     0 | D:1      | bande the Gargoyle Fighter began the quest for the Orb.
     0 | D:1      | Reached XP level 1. HP: 14/14 MP: 1/1
    61 | D:1      | Reached XP level 2. HP: 18/19 MP: 2/2
    64 | D:1      | Reached skill level 2 in Axes
   143 | D:1      | Found Kumiac's Jewellery Emporium.
   383 | D:1      | Reached XP level 3. HP: 24/24 MP: 3/3
   799 | D:2      | Reached XP level 4. HP: 25/29 MP: 4/4
  1106 | D:2      | Identified the +8 mace of Rotation {protect, Will++}
  1269 | D:3      | Reached skill level 3 in Axes
  1462 | D:3      | Reached XP level 5. HP: 33/33 MP: 5/5
  1471 | D:3      | Found a glowing drain.
  1477 | Sewer    | Entered a sewer
  1561 | Sewer    | Noticed a kobold brigand
  1579 | Sewer    | Killed a kobold brigand
  1597 | Sewer    | Noticed Pargi
  1624 | Sewer    | Killed Pargi
  1625 | Sewer    | Reached skill level 4 in Axes
  1625 | Sewer    | Reached XP level 6. HP: 27/38 MP: 6/6
  1883 | D:3      | Found the +8 longbow "Zephyr" {speed, Dex+3 SInv}
  1928 | D:3      | Identified the +5 spear "Cick" {drain, rC+ rCorr}
  2341 | D:3      | Found a sacrificial altar of Ru.
  2566 | D:4      | Noticed an ice beast
  2581 | D:4      | Killed an ice beast
  2582 | D:4      | Reached XP level 7. HP: 23/44 MP: 7/7
  2638 | D:4      | Found a hazy altar of Hepliaklqana.
  2689 | D:4      | Found a sand-covered staircase.
  2693 | Ossuary  | Entered an ossuary
  2705 | Ossuary  | Reached skill level 5 in Axes
  2705 | Ossuary  | Reached skill level 5 in Armour
  2743 | Ossuary  | Reached skill level 5 in Fighting
  2934 | Ossuary  | Reached skill level 6 in Axes
  2975 | Ossuary  | Reached XP level 8. HP: 46/49 MP: 8/8
  3117 | Ossuary  | Reached skill level 7 in Axes
  3495 | D:5      | Entered Level 5 of the Dungeon
  3535 | D:5      | Noticed Sigmund
  3947 | D:5      | Killed Sigmund
  3948 | D:5      | Reached skill level 5 in Shields
  4293 | D:5      | Found a staircase to the Ecumenical Temple.
  4339 | D:5      | Reached XP level 9. HP: 54/55 MP: 9/9
  4405 | Temple   | Entered the Ecumenical Temple
  4492 | Temple   | Became a worshipper of Warmaster Okawaru
  4744 | D:5      | Found a runed translucent door.
  4747 | D:5      | Noticed Crazy Yiuf
  4826 | D:5      | Found a glowing golden altar of the Shining One.
  4874 | D:5      | Killed Crazy Yiuf
  4875 | D:5      | Reached skill level 8 in Axes
  5086 | D:6      | Identified the +4 chain mail of the Knives {rElec Will+
                  | Int-2 SInv}
  5096 | D:6      | Reached skill level 1 in Invocations
  5212 | D:6      | Reached * piety under Okawaru
  5235 | D:6      | Found a shimmering blue altar of Sif Muna.
  5607 | D:7      | Reached skill level 9 in Axes
  5671 | D:7      | Gained mutation: Your flesh is heat resistant. (rF+)
                  | [potion of mutation]
  5671 | D:7      | Gained mutation: You are frail. (-10% HP) [potion of
                  | mutation]
  5672 | D:7      | Lost mutation: You are frail. (-10% HP) [potion of
                  | mutation]
  5672 | D:7      | Lost mutation: Your flesh is heat resistant. (rF+) [potion
                  | of mutation]
  5672 | D:7      | Gained mutation: You are robust. (+10% HP) [potion of
                  | mutation]
  5672 | D:7      | Gained mutation: You are partially covered in iridescent
                  | scales. (AC +2) [potion of mutation]
  5672 | D:7      | Gained mutation: You are mostly covered in iridescent
                  | scales. (AC +4) [potion of mutation]
  5760 | D:7      | Found an ornate altar of the Wu Jian Council.
  5760 | D:7      | Found an opulent altar of Gozag.
  6184 | D:7      | Reached ** piety under Okawaru
  6192 | D:7      | Reached XP level 10. HP: 54/67 MP: 8/12
  6748 | D:7      | Found a snail-covered altar of Cheibriados.
  6973 | D:8      | Found Yfuacesu's Distillery.
  7327 | D:8      | Bought a potion of heal wounds for 65 gold pieces
  7327 | D:8      | Bought a potion of heal wounds for 65 gold pieces
  7380 | D:8      | You fall into a shaft and drop 1 floor!
  7470 | D:8      | Found a white marble altar of Elyvilon.
  7645 | D:8      | Found a runed translucent gate.
  7645 | D:8      | Found a runed translucent gate.
  7645 | D:8      | Found a runed translucent gate.
  7646 | D:8      | Noticed a nine-headed hydra
  7646 | D:8      | Noticed sircluck's ghost (novice MiFi)
  8020 | D:9      | Reached skill level 10 in Axes
  8116 | D:9      | Reached skill level 1 in Evocations
  8129 | D:9      | Reached *** piety under Okawaru
  8531 | D:9      | Reached skill level 5 in Invocations
  8767 | D:9      | Reached **** piety under Okawaru
  8840 | D:9      | Found an ancient bone altar of Kikubaaqudgha.
  8905 | D:10     | Entered Level 10 of the Dungeon
  9046 | D:9      | Reached XP level 11. HP: 59/73 MP: 10/14
  9340 | D:10     | Found a radiant altar of Vehumet.
  9343 | D:10     | Found a sparkling altar of Nemelex Xobeh.
  9376 | D:10     | Identified the +3 scale mail of Duty {Rampage rCorr Dex+3}
  9973 | D:11     | Learned a level 2 spell: Blink
  9976 | D:11     | Found a staircase to the Lair.
 10123 | D:11     | Noticed a two-headed ogre
 10134 | D:11     | Killed a two-headed ogre
 10134 | D:11     | Reached ***** piety under Okawaru
 10135 | D:11     | Reached skill level 11 in Axes
 10135 | D:11     | Reached skill level 1 in Translocations
 10328 | D:11     | Noticed an ogre mage
 10647 | D:11     | Killed an ogre mage
 11268 | D:11     | Received a gift from Okawaru
 11674 | D:11     | Noticed Psyche
 11677 | D:11     | Noticed a two-headed ogre
 11678 | D:11     | Noticed a two-headed ogre
 11679 | D:11     | Killed Psyche
 11680 | D:11     | Reached XP level 12. HP: 75/82 MP: 2/17
 11949 | D:10     | Killed a two-headed ogre
 12334 | D:10     | Killed a two-headed ogre
 13250 | Lair:1   | Entered Level 1 of the Lair of Beasts
 13416 | Lair:1   | Reached skill level 12 in Axes
 14310 | Lair:1   | Found a hazy altar of Hepliaklqana.
 14380 | Lair:1   | Got Ereshkigal's Teachings on the Fifth Circle
 15154 | Lair:2   | Reached skill level 5 in Evocations
 15286 | Lair:2   | Noticed a six-headed hydra
 15298 | Lair:2   | Killed a six-headed hydra
 15558 | Lair:2   | Found a runed translucent door.
 15560 | Lair:2   | Noticed GiantSquids's ghost (adept GrFE)
 15735 | Lair:2   | Received a gift from Okawaru
 16146 | Lair:2   | Found a hole to the Spider Nest.
 16475 | Lair:2   | HP: 4/83 [GiantSquids's ghost/fireball (9)]
 16476 | Lair:2   | Killed from afar by GiantSquids's ghost

Illustrated notes

Levels and vault maps discovered:
D:1:      matt_arrival_diagonals, layout_basic, serial_shops, shop_fountains
D:2:      layout_rooms
D:3:      layout_basic, nicolae_ru_path_of_blood, lightli_sewer_entry_pipes
D:4:      layout_cave_pools, kennysheep_little_box, serial_park,
          serial_park_square3 [serial_park_minivault_5x5_3],
          serial_park_avenue1, serial_park_paths [serial_park_minivault_5x5_3],
          serial_park_tiny_1, enter_ossuary_5
D:5:      layout_cave_pools, mainiacjoe_overflow_surrounded_room, temple_hall,
          uniq_sigmund, uniq_crazy_yiuf_cottage
D:6:      layout_rooms, overflow_temple_1_default, minmay_starry_boxes
D:7:      layout_cave_pods, slow_altar_2, mainiacjoe_overflow_divided_tiny,
          serial_glass, glass_columns_b, glass_columns_b, serial_park_tiny_pond
D:8:      layout_rooms, elyvilon_altar_5, gammafunk_ghost_hydra_chop,
          minmay_shop_grid_forest
D:9:      layout_roguey, lemuel_crystal_altar
D:10:     layout_long_grid, mainiacjoe_overflow_chevrons,
          nicolae_vehumet_altar_sigil
D:11:     lemuel_castle_with_subvaults [lemuel_castle_interior_original],
          layout_stronghold, dpeg_oklobed_lair, uniq_psyche
Temple:   grunt_temple_mini_profane
Lair:1:   beast_lair_carwin_large_2, layout_chaotic_city, lemuel_centaur_altar
Lair:2:   layout_cave_pods, spider_nest_entry_funnel_web,
          ebering_ghost_inner_flame

Skill      XL: |  1  2  3  4  5  6  7  8  9 10 11 12 |
---------------+-------------------------------------+-----
Axes           | 2 3 4 6 7 9 10 11 12 | 12.4
Fighting       | 4 5 6 7 8 9 |  9.0
Armour         | 4 5 6 7 8 9 |  9.1
Shields        | 4 5 6 7 |  7.9
Invocations    | 3 5 6 7 |  7.9
Evocations     | 2 4 5 |  5.2
Translocations | 2 4 |  4.3
Stealth        | |  0.2
Unarmed Combat | |  0.4

Action                     |  1- 3 |  4- 6 |  7- 9 | 10-12 || total
---------------------------+-------+-------+-------+-------++-------
  Melee: War axe           |   109 |   212 |   459 |   899 ||  1679
         Unarmed           |       |       |    11 |     2 ||    13
         Broad axe         |       |       |       |    27 ||    27
         Mace              |       |       |       |     7 ||     7
 Invoke: Heroism           |       |       |       |     1 ||     1
    Use: Scroll            |       |     8 |    15 |     7 ||    30
         Potion            |       |       |     3 |       ||     3
 Armour: Scale mail        |    62 |   168 |   121 |       ||   351
         Chain mail        |       |       |   201 |   194 ||   395
         Plate armour      |       |       |       |   712 ||   712
  Dodge: Dodged            |    48 |   116 |   192 |   301 ||   657
  Block: Buckler           |    33 |    64 |   153 |   390 ||   640

Table legend: (Time is in decaauts)
 A = Elapsed time spent in this place.
 B = Non-inter-level travel time spent in this place.
 C = Inter-level travel time spent in this place.
 D = Time resting spent in this place.
 E = Time spent auto-exploring this place.
 F = Levels seen in this place.
 G = Mean time per level.
                   A        B        C        D        E       F      G
               +--------+--------+--------+--------+--------+-----+--------+
         Total |  16793 |  16527 |    266 |   3549 |   9084 |  16 | 1049.6 |
       Dungeon |  12527 |  12357 |    170 |   2843 |   6454 |  11 | 1138.8 |
        Temple |    127 |     90 |     37 |      0 |     81 |   1 |  127.0 |
          Lair |   3225 |   3166 |     59 |    470 |   2295 |   2 | 1612.5 |
         Sewer |    302 |    302 |      0 |    111 |     88 |   1 |  302.0 |
       Ossuary |    610 |    610 |      0 |    125 |    166 |   1 |  610.0 |
               +--------+--------+--------+--------+--------+-----+--------+

Top non-repeatable levels by time:
    D:11: 2259 daAuts
    D:10: 1888 daAuts
  Lair:1: 1781 daAuts
  Lair:2: 1444 daAuts
     D:9: 1424 daAuts
     D:7: 1358 daAuts
     D:5: 995 daAuts
     D:4: 974 daAuts
     D:3: 922 daAuts
     D:8: 739 daAuts
     D:1: 726 daAuts
     D:6: 637 daAuts
 Ossuary: 610 daAuts
     D:2: 600 daAuts
   Sewer: 302 daAuts
